 Dungeon Crawl Stone Soup version 0.30.0-29-ga12c61a403 (webtiles) character file.

Game seed: 7306846219520754493

40 booth the Conjurer (level 3, 0/28 HPs)
             Began as a Demonspawn Reaver on June 16, 2023.
             Succumbed to a gnoll's poison
             ... on level 2 of the Dungeon.
             The game lasted 00:07:55 (1175 turns).

booth the Conjurer (Demonspawn Reaver)              Turns: 1175, Time: 00:07:56

Health: 0/28       AC:  3    Str: 11 (14) XL:     3   Next: 30%
Magic:  0/6        EV: 11    Int: 11 (14) God:
Gold:   24         SH:  4    Dex:  9 (11) Spells: 0/6 levels left

rFire   . . .        a - +0 hand axe
rCold   . . .        (no shield)
rNeg    . . .        b - +0 leather armour
rPois   .            (no helmet)
rElec   .            (no cloak)
rCorr   .            (no gloves)
SInv    .            (no boots)
Will    .....        (no amulet)
Stlth   +            (no ring)
HPRegen 0.24/turn    (no ring)
MPRegen 0.10/turn

%: no passive effects
@: lethally poisoned (0 -> -4), about to teleport, very slightly contaminated
A: large bone plates 1
a: no special abilities


You were on level 2 of the Dungeon.
You visited 1 branch of the dungeon, and saw 2 of its levels.

You collected 24 gold pieces.

Inventory:

Hand Weapons
 a - a +0 hand axe (weapon)
 c - a +0 mace
Armour
 b - a +0 leather armour (worn)
Scrolls
 d - a scroll of summoning {unknown}
 f - a scroll of enchant armour {unknown}
 g - a scroll of noise {unknown}
 j - a scroll of fear {unknown}
Potions
 h - a potion of haste {unknown}
 i - a potion of heal wounds {unknown}
 k - a potion of curing {unknown}


   Skills:
 + Level 2.3 Fighting
 + Level 3.0 Axes
 + Level 2.1 Dodging
 + Level 2.3 Spellcasting
 + Level 3.2 Conjurations
 + Level 0.3 Necromancy
 + Level 0.0 Translocations
 + Level 0.1 Ice Magic


You couldn't memorise any spells.
You knew the following spells:

 Your Spells              Type           Power      Damage    Failure   Level
a - Kiss of Death         Conj/Necr      20%        2d7       19%         1
b - Momentum Strike       Conj/Tloc      8%         3d8       28%         2
c - Hailstorm             Conj/Ice       5%         3d4       50%         3

Your spell library contained the following spells:

 Spells                   Type           Power      Damage    Failure   Level
 Volatile Blastmotes      Fire/Tloc      2%         2d10      73%         3
 Fulminant Prism          Conj/Hex       2%         3d5       88%         4
 Iskenderun's Mystic Bla  Conj/Tloc      4%         2d3       88%         4
 Lee's Rapid Deconstruct  Erth           0%         3d4*      100%        5


Dungeon Overview and Level Annotations

Branches:
Dungeon (2/15)

Altars:


Innate Abilities, Weirdness & Mutations

You are partially covered in large bone plates. (SH +4)


Message History

The spell is extremely dangerous to miscast (50% risk of failure)!
Continue anyway?
Casting: Hailstorm (extremely dangerous; 50% risk of failure)
Press: ? - help, Dir - look around, f - activate You miscast Hailstorm.
You are very lightly contaminated with residual magic.
A wave of violent energy washes through your body!
The kobold barely misses you.
The gnoll hits you from afar with a +0 spear.
As you read the scroll of teleportation, it crumbles to dust.
You feel strangely unstable. The gnoll closely misses you.
The kobold hits you but does no damage. You block the gnoll's attack.
The gnoll hits you with a +0 club.
* * * LOW HITPOINT WARNING * * *
The gnoll closely misses you.
Casting: Hailstorm (extremely dangerous; 50% risk of failure)
Confirm with . or Enter, or press ? or * to list all spells.
The spell is extremely dangerous to miscast (50% risk of failure)!
Continue anyway?
Casting: Hailstorm (extremely dangerous; 50% risk of failure)
Press: ? - help, Dir - look around, f - activate A cannonade of hail descends around you!
The hail pelts the gnoll.
The gnoll is heavily wounded.
The hail pelts the gnoll.
The gnoll is heavily wounded.
The kobold barely misses you. You block the gnoll's attack.
The gnoll misses you.
The gnoll hits you with a +0 whip of venom.
* * * LOW HITPOINT WARNING * * *
You are lethally poisoned!
The gnoll completely misses you. The kobold attacks as you move away!
The kobold hits you with a +0 dagger.
* * * LOW HITPOINT WARNING * * *
The gnoll attacks as you move away!
The gnoll hits you with a +0 whip of venom.
* * * LOW HITPOINT WARNING * * *
x2 You feel sick.
You hit the gnoll.
The gnoll is moderately wounded.
You closely miss the kobold. You hit the gnoll.
You die...

# #. #.###
#...########
#########........#
#................#
#...........†....# ##
#...gK@..##...#### #.
#...ggg..####.### #.
#..........# #...# #.
#..............##.###
#. #..........###.
#...####.
#....###+#.....
###...... ......#
<#### ###.... ...####
## #.#.. #.##.


You could see 4 gnolls and a kobold.

Vanquished Creatures
  An adder (D:2)
  A dart slug (D:1)
  A ball python (D:2)
  4 endoplasms
  3 goblins
  4 hobgoblins
  A quokka (D:2)
  5 bats (D:1)
  2 frilled lizards
  A kobold (D:1)
  5 rats
28 creatures vanquished.

Notes
Turn   | Place    | Note
-------+----------+-------------------------------------------
     0 | D:1      | booth the Demonspawn Reaver began the quest for the Orb.
     0 | D:1      | Reached XP level 1. HP: 16/16 MP: 3/3
   276 | D:1      | Gained mutation: You are partially covered in large bone
                  | plates. (SH +4) [demonic ancestry]
   276 | D:1      | Reached XP level 2. HP: 20/22 MP: 5/5
   822 | D:1      | Learned a level 2 spell: Momentum Strike
  1104 | D:2      | Reached XP level 3. HP: 28/28 MP: 6/6
  1108 | D:2      | Learned a level 3 spell: Hailstorm
  1174 | D:2      | HP: 1/28 [poisoned by a gnoll]
  1175 | D:2      | Succumbed to a gnoll's poison

Illustrated notes

Levels and vault maps discovered:
D:1:      dpeg_arrival_central, layout_loops_ring
D:2:      layout_basic

Skill      XL: |  1  2  3 |
---------------+----------+-----
Dodging        | 2 |  2.1
Axes           | 3 |  3.0
Fighting       | |  2.3
Spellcasting   | |  2.3
Conjurations   | |  3.2
Necromancy     | |  0.3
Ice Magic      | |  0.1

Action                     || total
---------------------------++-------
  Melee: Hand axe          ||    99
         Punch             ||     2
   Cast: Hailstorm         ||     1
    Use: Scroll            ||     2
         Potion            ||     1
 Armour: Leather armour    ||    34
  Dodge: Dodged            ||    56
  Block: Other             ||    16
